 Dungeon Crawl Stone Soup version 0.30-a0-1157-g2cc9ac7196 (webtiles) character file.

Game seed: 1087139977535403011

266 iamoutofideas the Chopper (level 6, -5/84 HPs)
             Began as a Hill Orc Reaver on Apr 25, 2023.
             Slain by an ogre
             ... wielding a +0 giant spiked club
              (17 damage)
             ... on level 4 of the Dungeon.
             The game lasted 00:03:15 (2800 turns).

iamoutofideas the Chopper (Hill Orc Reaver)         Turns: 2800, Time: 00:03:15

Health: -5/84      AC: 23    Str: 17    XL:     6   Next: 20%
Magic:  8/8        EV:  2    Int: 19    God:
Gold:   164        SH:  0    Dex:  9    Spells: 7/8 levels left

rFire   . . .        a - +0 hand axe
rCold   . . .        (no shield)
rNeg    . . .        d - melded +3 chain mail
rPois   +            (helmet currently unavailable)
rElec   .            r - melded +0 cloak
rCorr   .            (gloves currently unavailable)
SInv    .            m - melded +1 pair of boots
Will    .....        (no amulet)
Stlth   +            n - +6 ring of intelligence
HPRegen 0.34/turn    (no ring)
MPRegen 0.11/turn

%: no passive effects
@: tree-form
A: stationary, stasis, torment immunity, boosted hp
a: no special abilities


You were on level 4 of the Dungeon.
You were a tree.
You visited 1 branch of the dungeon, and saw 4 of its levels.

You collected 164 gold pieces.

Inventory:

Hand Weapons
 a - a +0 hand axe (weapon)
Armour
 b - a +0 leather armour
 d - a +3 chain mail (melded)
 m - a +1 pair of boots (melded)
 r - a +0 cloak (melded)
Jewellery
 n - a +6 ring of intelligence (left branch)
Scrolls
 c - a scroll of enchant weapon {unknown}
 h - 2 scrolls of immolation
 k - 2 scrolls of enchant armour {unknown}
 p - a scroll of amnesia {unknown}
 s - a scroll of fear {unknown}
Potions
 e - a potion of flight {unknown}
 f - 3 potions of cancellation
 i - a potion of lignification
 j - 2 potions of heal wounds {unknown}
 o - a potion of mutation
 q - 2 potions of curing {unknown}


   Skills:
 + Level 5.1 Fighting
 * Level 7.3 Axes
 + Level 1.5 Dodging
 + Level 1.5 Spellcasting
 + Level 3.0 Conjurations


You had 7 spell levels left.
You knew the following spells:

 Your Spells              Type           Power      Damage    Failure   Level
a - Kiss of Death         Conj/Necr      28%        2d7       10%         1

Your spell library contained the following spells:

 Spells                   Type           Power      Damage    Failure   Level
 Momentum Strike          Conj/Tloc      14%        3d8       14%         2
 Lesser Beckoning         Tloc           2%         N/A       26%         2
 Sublimation of Blood     Necr           1%         N/A       26%         2
 Wereblood                Tmut           1%         N/A       26%         2
 Hailstorm                Conj/Ice       7%         3d4       28%         3
 Gell's Gravitas          Tloc           1%         N/A       47%         3
 Teleport Other           Tloc           1%         N/A       47%         3
 Summon Hydra             Summ           0%         N/A       100%        7


Dungeon Overview and Level Annotations

Branches:
Dungeon (4/15)
 Temple: D:4-7

Altars:
Ashenzari
Makhleb
Nemelex Xobeh
Ru
Sif Muna


Message History

You now have 164 gold pieces (gained 15).
Things that are here:
a +0 club; a goblin corpse Key pressed, stopping explore.
No target in view!
Key pressed, stopping explore.
No target in view!
An ogre comes into view. It is wielding a +0 giant spiked club.
An ogre is nearby!
An ogre is nearby!
The ogre hits you with a +0 giant spiked club.
You hit the ogre.
The ogre is lightly wounded.
You barely miss the ogre.
The ogre is lightly wounded.
The ogre hits you with a +0 giant spiked club!!
You are too injured to fight recklessly!
You are too injured to fight recklessly!
You are too injured to fight recklessly!
You hit the ogre.
The ogre is moderately wounded.
You slash the ogre!
The ogre is heavily wounded.
The ogre barely misses you.
You slash the ogre!
The ogre is almost dead.
The ogre hits you with a +0 giant spiked club!
You barely miss the ogre.
The ogre is almost dead.
You barely miss the ogre.
The ogre is almost dead.
The ogre hits you with a +0 giant spiked club!
* * * LOW HITPOINT WARNING * * *
Really quaff the potion of lignification?
You turn into a tree.
Your +0 cloak melds into your body.
Your +1 pair of boots melds into your body.
Your +3 chain mail melds into your body.
Your roots penetrate the ground.
The ogre hits you with a +0 giant spiked club!
You die...

### ### ###
##.###.###.###.##
#....O♣.........##
#..##.###.###.##..#
#. .........#.## ..
#.###.##...# #.
.#.......#.#.## #.
...##.##...#..# #
.#.#.#...#.#.#.##
...#...#...#...#
#.#.#...#.#.#.##


You could see an ogre.

Vanquished Creatures
  3 iron imps (D:3)
  4 gnolls
  4 adders
  A worm (D:3)
  A dart slug (D:3)
  4 orcs
  4 endoplasms
  2 giant cockroaches (D:3)
  8 goblins
  6 hobgoblins
  6 jackals (D:1)
  7 kobolds
  2 quokkas
  6 ball pythons
  7 bats
  2 frilled lizards
  7 rats
74 creatures vanquished.

Vanquished Creatures (collateral kills)
  A sleepcap (D:4)
1 creature vanquished.

Grand Total: 75 creatures vanquished

Notes
Turn   | Place    | Note
-------+----------+-------------------------------------------
     0 | D:1      | iamoutofideas the Hill Orc Reaver began the quest for the
                  | Orb.
     0 | D:1      | Reached XP level 1. HP: 18/18 MP: 3/3
    96 | D:1      | Reached XP level 2. HP: 12/25 MP: 4/4
   234 | D:1      | Reached skill level 5 in Axes
   297 | D:1      | Reached XP level 3. HP: 30/31 MP: 5/5
   576 | D:1      | Found a faded altar of an unknown god.
  1238 | D:2      | Reached XP level 4. HP: 26/38 MP: 6/6
  1489 | D:3      | Reached skill level 6 in Axes
  1539 | D:3      | Found a broken altar of Ashenzari.
  1597 | D:3      | Found a sparkling altar of Nemelex Xobeh.
  1627 | D:3      | Reached XP level 5. HP: 37/46 MP: 7/7
  1746 | D:3      | Found a burning altar of Makhleb.
  1792 | D:3      | Reached skill level 7 in Axes
  1989 | D:3      | Reached skill level 5 in Fighting
  2063 | D:3      | Reached XP level 6. HP: 56/56 MP: 8/8
  2133 | D:3      | Found a shimmering blue altar of Sif Muna.
  2140 | D:3      | Found a sacrificial altar of Ru.
  2800 | D:4      | Slain by an ogre

Illustrated notes

Levels and vault maps discovered:
D:1:      dpeg_arrival_subterranean_lakeside_camping, layout_loops_ring,
          ebering_ecumenical_altar_abandoned
D:2:      minmay_angry_zag, layout_rooms, kennysheep_generic_room_15
D:3:      layout_basic, nemelex_xobeh_ov_fountains_minmay, demons_altar,
          mainiacjoe_overflow_paths, amethyst_overflow_temple_binary
D:4:      layout_cave_pools, mainiacjoe_overflow_concentric_impassable,
          nicolae_concentric_dashed_squares_mild

Skill      XL: |  1  2  3  4  5 |
---------------+----------------+-----
Fighting       | 3 5 |  5.1
Axes           | 5 6 7 |  7.3
Dodging        | |  1.5
Spellcasting   | |  1.5
Conjurations   | |  3.0

Action                     |  1- 3 |  4- 6 || total
---------------------------+-------+-------++-------
  Melee: Hand axe          |   127 |   126 ||   253
         Punch             |     2 |       ||     2
    Use: Scroll            |       |     6 ||     6
         Potion            |       |     1 ||     1
 Armour: Leather armour    |     4 |       ||     4
         Chain mail        |    80 |    94 ||   174
  Dodge: Dodged            |    70 |    49 ||   119

Table legend: (Time is in decaauts)
 A = Elapsed time spent in this place.
 B = Non-inter-level travel time spent in this place.
 C = Inter-level travel time spent in this place.
 D = Time resting spent in this place.
 E = Time spent auto-exploring this place.
 F = Levels seen in this place.
 G = Mean time per level.
                   A        B        C        D        E       F      G
               +--------+--------+--------+--------+--------+-----+--------+
         Total |   2801 |   2712 |     89 |    318 |   1834 |   4 |  700.2 |
       Dungeon |   2801 |   2712 |     89 |    318 |   1834 |   4 |  700.2 |
               +--------+--------+--------+--------+--------+-----+--------+

Top non-repeatable levels by time:
     D:3: 1038 daAuts
     D:1: 906 daAuts
     D:2: 505 daAuts
     D:4: 350 daAuts
